 Dungeon Crawl Stone Soup version 0.26-a0-812-g31a745ddcd (webtiles) character file.

Game seed: 10088774868820524910

849 nicanaca0 the Chopper (level 7, -2/66 HPs)
             Began as a Deep Dwarf Fighter on Nov 21, 2020.
             Killed by divine providence
             ... invoked by an orc priest
              (10 damage)
             ... on level 5 of the Dungeon.
             The game lasted 00:07:18 (2789 turns).

nicanaca0 the Chopper (Deep Dwarf Fighter)          Turns: 2789, Time: 00:07:18

Health: -2/66      AC:  8    Str: 21    XL:     7   Next: 69%
Magic:  5/5        EV:  7    Int:  9    God:
Gold:   295        SH: 10    Dex: 12    Spells: 6/6 levels left

rFire    + . .     SeeInvis .   a - +1 war axe
rCold    . . .     Faith    .   c - +0 kite shield
rNeg     . . .     Spirit   .   q - +0 scale mail (curse)
rPois    .         Reflect  .   d - +0 helmet
rElec    .         Harm     .   (no cloak)
rCorr    .         Rampage  .   (no gloves)
MR       +....                  (no boots)
Stlth    ..........             (no amulet)
HPRegen  0.00/turn              n - ring of protection from fire
MPRegen  0.09/turn              (no ring)

@: non-regenerating
A: damage resistance, heal wounds, sense surroundings 1, no regeneration
a: Heal Wounds


You were on level 5 of the Dungeon.
You visited 1 branch of the dungeon, and saw 5 of its levels.

You collected 295 gold pieces.

Inventory:

Hand Weapons
 a - a +1 war axe (weapon)
 i - a +0 whip of venom
 r - a +1 spear of venom
 v - a +2 dagger of holy wrath
Missiles
 l - 41 poisoned darts (quivered)
Armour
 c - a +0 kite shield (worn)
 d - a +0 helmet (worn)
 e - a cursed +0 ring mail
 m - a +0 chain mail
 q - a cursed +0 scale mail (worn)
Jewellery
 n - a ring of protection from fire (left hand)
 u - an uncursed ring of stealth
Wands
 b - a wand of digging (4)
 j - a wand of polymorph (6)
Scrolls
 f - a scroll of identify {@r1}
 g - 4 scrolls of teleportation
 h - a scroll of enchant weapon
 o - a scroll of noise
 s - a scroll of random uselessness {unknown}
 w - a scroll of amnesia {unknown}
Potions
 k - a potion of curing {@q1}
 p - a potion of cancellation
 t - a potion of mutation


   Skills:
 + Level 4.3 Fighting
 * Level 6.4 Axes
 + Level 5.3 Armour
 + Level 5.4 Shields


You had 6 spell levels left.
You didn't know any spells.
Your spell library was empty.

Dungeon Overview and Level Annotations

Branches:
Dungeon (5/15)
 Temple: D:4-7

Altars:
Dithmenos
Fedhas
Ru
Yredelemnul

Annotations:
D:3 2 transporters, p0werm0de's ghost, weakling DDFi


Innate Abilities, Weirdness & Mutations

You are resistant to damage.
You can heal yourself by infusing magical energy.
You passively map a small area around you.
You do not regenerate.


Message History

The orc priest hits you with a +0 club.
* * * LOW HITPOINT WARNING * * *
The orc priest mumbles some strange prayers to Beogh against you.
Beogh smites you!
* * * LOW HITPOINT WARNING * * *
You barely miss the orc priest.
The orc priest is heavily wounded.
You block the orc priest's attack.
You slash the orc priest!
You kill the orc priest!
You block the orc's attack.
You closely miss the orc. The orc completely misses you.
Your shield and scale mail prevent you from hitting the orc.
The orc priest miscasts a cantrip.
The orc hits you but does no damage.
You slash the orc!
You kill the orc!
The orc priest calls down the wrath of Beogh upon you.
Beogh smites you!
You die...

*
#.#............
, ,
#.#.....#######
#.#####.########
,
................
..#####.########
** , * * #.# * ,
, #.#, ,,
..#######.# * ,
, , ,
...oo.o@..# * ,
* ..#########
,*, , * * *, , ,
, * * ** **


You could see an orc priest, an orc wizard and an orc.

Vanquished Creatures
  Duvessa (D:4)
  An ogre (D:3)
  3 lemures (D:5)
  A gnoll sergeant (D:4)
  Dowan (D:3)
  3 orc priests
  2 orc wizards (D:4)
  Jessica (D:2)
  Natasha (twice) (D:2)
  A worker ant (D:4)
  A hound skeleton (D:5)
  Robin (D:2)
  7 gnolls
  10 adders
  An ooze (D:2)
  An adder skeleton (D:4)
  A dart slug (D:2)
  3 leopard geckos
  11 orcs
  11 bats
  4 giant cockroaches
  14 goblins
  9 hobgoblins
  11 jackals
  2 frilled lizards
  4 kobolds
  A leopard gecko skeleton (D:4)
  8 rats
116 creatures vanquished.

Vanquished Creatures (others)
  6 plants (D:3)
6 creatures vanquished.

Grand Total: 122 creatures vanquished

Notes
Turn   | Place    | Note
-------+----------+-------------------------------------------
     0 | D:1      | nicanaca0 the Deep Dwarf Fighter began the quest for the
                  | Orb.
     0 | D:1      | Reached XP level 1. HP: 20/20 MP: 1/1
   168 | D:1      | Reached XP level 2. HP: 27/27 MP: 2/2
   351 | D:1      | You fall into a shaft and drop 1 floor!
   369 | D:2      | Found a sacrificial altar of Ru.
   396 | D:2      | Reached skill level 3 in Axes
   396 | D:2      | Reached XP level 3. HP: 30/33 MP: 3/3
   416 | D:2      | Noticed Robin
   428 | D:2      | Killed Robin
   493 | D:2      | Reached XP level 4. HP: 32/42 MP: 4/4
   507 | D:2      | Found a blossoming altar of Fedhas.
   593 | D:2      | Noticed Natasha
   606 | D:2      | Killed Natasha
   692 | D:2      | Noticed Natasha
   699 | D:2      | Killed Natasha
   699 | D:2      | Reached skill level 4 in Axes
   845 | D:2      | Reached XP level 5. HP: 49/49 MP: 5/5
   873 | D:2      | Noticed Jessica
   880 | D:2      | Killed Jessica
  1347 | D:3      | Found a transporter.
  1373 | D:3      | Found a transporter.
  1480 | D:3      | Reached XP level 6. HP: 44/56 MP: 6/6
  1563 | D:3      | Noticed p0werm0de's ghost (weakling DDFi)
  1634 | D:4      | Noticed Duvessa
  1651 | D:4      | Noticed Dowan
  1693 | D:4      | Killed Duvessa
  1693 | D:4      | Reached skill level 5 in Axes
  1707 | D:3      | Killed Dowan
  1909 | D:3      | HP: 1/57 [ogre/+0 giant club (21)]
  1911 | D:3      | Reached skill level 5 in Shields
  1911 | D:3      | Reached XP level 7. HP: 1/64 MP: 7/7
  1973 | D:4      | Reached skill level 5 in Armour
  2074 | D:4      | Reached skill level 6 in Axes
  2179 | D:4      | Found a shadowy altar of Dithmenos.
  2254 | D:4      | Found a basalt altar of Yredelemnul.
  2611 | D:5      | Entered Level 5 of the Dungeon
  2789 | D:5      | Killed from afar by an orc priest

Illustrated notes

Levels and vault maps discovered:
D:1:      wander_arrival_chamber, layout_rooms, hangedman_decor_points
D:2:      layout_basic, lemuel_coloured_pillars_altar, hangedman_ru_absence,
          grunt_ministairs_3, uniq_natasha, uniq_jessica, uniq_robin
D:3:      layout_rooms, gammafunk_ghost_gnarly_gnolls
D:4:      layout_rooms, lemuel_round_altar, nicolae_dithmenos_the_darkroom,
          uniq_duvessa
D:5:      layout_basic, lemuel_round_altar, uniq_pikel

Skill      XL: |  1  2  3  4  5  6  7 |
---------------+----------------------+-----
Axes           | 3 4 5 6 |  6.4
Fighting       | 3 4 |  4.3
Shields        | 4 5 |  5.4
Armour         | 4 5 |  5.3

Action                   |  1- 3 |  4- 6 |  7- 9 || total
-------------------------+-------+-------+-------++-------
Melee: War axe           |    78 |   153 |    85 ||   316
Throw: Dart              |       |    28 |    18 ||    46
 Abil: Heal Wounds       |       |     4 |     5 ||     9
  Use: Potion            |     1 |     2 |       ||     3
       Scroll            |       |       |     7 ||     7
Armor: Scale mail        |    40 |    16 |     9 ||    65
       Chain mail        |       |    84 |    20 ||   104
Dodge: Dodged            |    30 |    46 |    13 ||    89
Block: Kite shield       |    44 |    95 |    55 ||   194

Table legend: (Time is in decaauts)
 A = Elapsed time spent in this place.
 B = Non-inter-level travel time spent in this place.
 C = Inter-level travel time spent in this place.
 D = Time resting spent in this place.
 E = Time spent auto-exploring this place.
 F = Levels seen in this place.
 G = Mean time per level.
                   A        B        C        D        E       F      G
               +--------+--------+--------+--------+--------+-----+--------+
         Total |   2912 |   2772 |    140 |     12 |   1794 |   5 |  582.4 |
       Dungeon |   2912 |   2772 |    140 |     12 |   1794 |   5 |  582.4 |
               +--------+--------+--------+--------+--------+-----+--------+

Top non-repeatable levels by time:
     D:4: 881 daAuts
     D:2: 692 daAuts
     D:3: 651 daAuts
     D:1: 498 daAuts
     D:5: 187 daAuts
